 Dungeon Crawl Stone Soup version 0.27-a0-965-gbf8bb431c4 (webtiles) character file.

Game seed: 1222783546168204874

59 spiderkeys the Skirmisher (level 3, -3/29 HPs)
             Began as a Demonspawn Abyssal Knight on Apr 12, 2021.
             Was a Follower of Lugonu.
             Slain by a phantom (8 damage)
             ... on level 3 of the Dungeon.
             The game lasted 00:02:34 (2497 turns).

spiderkeys the Skirmisher (DsAK)                    Turns: 2497, Time: 00:02:35

Health: -3/29      AC:  3    Str: 13    XL:     3   Next: 78%
Magic:  5/5        EV: 11    Int: 13    God:    Lugonu [*.....]
Gold:   11         SH:  0    Dex: 12    Spells: 2/2 levels left

rFire    + . .     SeeInvis .   d - +0 halberd
rCold    + . .     Faith    .   (shield currently unavailable)
rNeg     . . .     Spirit   .   b - +0 leather armour
rPois    .         Reflect  .   g - +0 hat
rElec    .         Harm     .   i - scarf {rC+ rF+}
rCorr    .         Rampage  .   (no gloves)
Will     .....                  (no boots)
Stlth    +.........             (no amulet)
HPRegen  0.09/turn              (no ring)
MPRegen  0.09/turn              (no ring)

@: no status effects
A: antennae 2
a: Renounce Religion, Depart the Abyss


You were on level 3 of the Dungeon.
You worshipped Lugonu.
Lugonu was aware of your devotion.
You visited 1 branch of the dungeon, and saw 3 of its levels.
You visited the Abyss 1 time.

You collected 115 gold pieces.
You spent 104 gold pieces at shops.

Inventory:

Hand Weapons
 a - a +1 spear
 d - a +0 halberd (weapon)
Armour
 b - a +0 leather armour (worn)
 g - a +0 hat (worn)
 i - a scarf of resistance (worn)
Scrolls
 e - 2 scrolls of identify
Potions
 c - 3 potions of curing
 f - a potion of mutation
 h - a potion of heal wounds


   Skills:
 + Level 3.3 Fighting
 * Level 2.5 Polearms
 + Level 2.2 Armour
 + Level 1.4 Dodging
 + Level 3.1 Invocations


You had 2 spell levels left.
You didn't know any spells.
Your spell library was empty.

Dungeon Overview and Level Annotations

Branches:
Dungeon (3/15)

Altars:

Shops:
D:1 !


Innate Abilities, Weirdness & Mutations

You have a pair of antennae on your head.


Message History

The orc moves out of view.
You slash the phantom!
The phantom is moderately damaged.
The phantom hits you.
The phantom blinks!
You blink.
The orc hits you but does no damage.
An orc comes into view. It is wielding a +0 dagger.
The orc hits you with a war axe.
An orc wizard comes into view. It is wielding a +0 dagger.
The orc wizard points at you and mumbles some strange words.
You are confused.
An orc priest comes into view. It is wielding a +0 dagger.
The orc shouts!
The orc priest shouts!
An orc comes into view. It is wielding a +0 war axe.
Okay, then.
You bump into the rock wall.
The phantom hits you but does no damage.
The orc misses you.
The orc wizard hits you with a +0 dagger.
You bump into the rock wall.
The phantom barely misses you. The orc completely misses you.
The orc wizard hits you but does no damage.
The orc priest miscasts a cantrip.
Found a stone staircase leading down.
You hit the orc but do no damage.
You feel less confused. The phantom closely misses you.
The orc barely misses you.
A hobgoblin comes into view.
The orc barely misses you. The phantom hits you.
The phantom blinks!
You blink.
The hobgoblin shouts!
The orc priest begins to cast a cantrip, but forgets the words!
An orc priest comes into view. It is wielding a +0 flail.
Found a stone staircase leading up.
The orc priest shouts!
You hear a shout!
The orc priest looks satisfied for a moment.
The phantom hits you.
The orc priest calls down the wrath of Beogh upon you.
Beogh smites you!
* * * LOW HITPOINT WARNING * * *
The phantom hits you!
You die...

.##........# ......
.##§.......#+#.......##+
.##.....................
........................
###....#.#.§............
.....#.#..o.......<...
..........o#.###......
........o.{+.#........ .
...........#+#@#
............oooW.#
..######......g..# ...
#...........#
#.#.........#
#.#........... .
#.............
###.##...o.....# ...
..........#


You could see a phantom, 2 orc priests, 2 orcs and a hobgoblin.

Vanquished Creatures
  A gnoll (D:1)
  An adder (D:2)
  2 worms (D:2)
  3 bats
  3 endoplasms
  A giant cockroach (D:1)
  6 goblins
  A hobgoblin (D:1)
  2 jackals (D:1)
  3 kobolds (D:2)
  5 ball pythons
  3 frilled lizards
  3 rats
34 creatures vanquished.

Notes
Turn   | Place    | Note
-------+----------+-------------------------------------------
     0 | Abyss:1  | spiderkeys the Demonspawn Abyssal Knight began the quest
                  | for the Orb.
     0 | Abyss:1  | Reached XP level 1. HP: 18/18 MP: 2/2
    37 | Abyss:1  | Found a corrupted altar of Lugonu.
    71 | Abyss:2  | Found a corrupted altar of Lugonu.
    96 | Abyss:2  | Noticed a small abomination
   101 | Abyss:2  | Found a corrupted altar of Lugonu.
   113 | Abyss:2  | Noticed a water elemental
   121 | Abyss:2  | Noticed a quasit
   122 | Abyss:2  | Noticed a raiju
   122 | Abyss:2  | Noticed a raiju
   124 | D:1      | Escaped the Abyss
   234 | D:1      | Reached skill level 1 in Dodging
   255 | D:1      | Found Gyguwki's Distillery.
   263 | D:1      | Bought a potion of curing for 39 gold pieces
   281 | D:1      | Gained mutation: You have a pair of small antennae on your
                  | head. [demonic ancestry]
   281 | D:1      | Reached XP level 2. HP: 16/24 MP: 4/4
   795 | D:1      | Reached * piety under Lugonu
   886 | D:1      | Gained mutation: You have a pair of antennae on your head.
                  | [demonic ancestry]
   886 | D:1      | Reached XP level 3. HP: 29/29 MP: 5/5
  1361 | D:1      | Bought a potion of heal wounds for 65 gold pieces
  2478 | D:3      | Noticed a phantom
  2497 | D:3      | Slain by a phantom

Illustrated notes

Levels and vault maps discovered:
D:1:      minmay_arrival_semitransparent, layout_basic, serial_shops,
          nicolae_shop_statue_plus
D:2:      layout_basic
D:3:      layout_basic, hellmonk_ecumenical_altar_run_dry

Skill      XL: |  1  2  3 |
---------------+----------+-----
Dodging        | 1 |  1.4
Polearms       | 2 |  2.5
Armour         | 2 |  2.2
Invocations    | 3 |  3.1
Fighting       | |  3.3

Action                   || total
-------------------------++-------
Melee: Halberd           ||   114
Invok: Depart the Abyss  ||     1
  Use: Scroll            ||     3
Armor: Leather armour    ||    21
Dodge: Dodged            ||    73

Table legend: (Time is in decaauts)
 A = Elapsed time spent in this place.
 B = Non-inter-level travel time spent in this place.
 C = Inter-level travel time spent in this place.
 D = Time resting spent in this place.
 E = Time spent auto-exploring this place.
 F = Levels seen in this place.
 G = Mean time per level.
                   A        B        C        D        E       F      G
               +--------+--------+--------+--------+--------+-----+--------+
         Total |   2539 |   2424 |    115 |    222 |   1807 |   5 |  507.8 |
       Dungeon |   2416 |   2301 |    115 |    222 |   1807 |   3 |  805.3 |
         Abyss |    123 |    123 |      0 |      0 |      0 |   2 |   61.5 |
               +--------+--------+--------+--------+--------+-----+--------+

Top non-repeatable levels by time:
     D:1: 1289 daAuts
     D:2: 1081 daAuts
 Abyss:1: 71 daAuts
 Abyss:2: 52 daAuts
     D:3: 45 daAuts
